 Seeded DCSS version 0.28.0-1-gb440e238dd (webtiles) character file.

Game seed: 10844669733645250963 (custom seed)

4 hikkokomori the Bolt Thrower (level 1, -4/14 (17) HPs)
             Began as a Formicid Hunter on Feb 25, 2022.
             Succumbed to a kobold brigand's poison
             ... on level 7 of the Dungeon.
             The game lasted 00:02:37 (374 turns).

hikkokomori the Bolt Thrower (Formicid Hunter)       Turns: 374, Time: 00:02:38

HP:   -4/14 (17)    AC:  3    Str: 16    XL:     1   Next: 66%
MP:   1/1           EV: 11    Int: 10    God:
Gold: 148           SH:  0    Dex: 11    Spells: 0/0 levels left

rFire   . . .      SeeInvis +   f - +9 heavy crossbow "Sniper" {vorpal, Acc+∞ SInv}
rCold   . . .      Faith    .   (no shield)
rNeg    . . .      Spirit   .   c - +0 leather armour
rPois   .          Reflect  .   (helmet unavailable)
rElec   .          Harm     .   (no cloak)
rCorr   .          Rampage  .   (no gloves)
Will    .....                   (no boots)
Stlth   +.........              (no amulet)
HPRegen 0.04/turn               (no ring)
MPRegen 0.07/turn               (no ring)

@: lethally poisoned (-4 -> -20), heavily drained
A: permanent stasis, dig shafts and tunnels, antennae 3, four strong arms
a: Dig, Shaft Self


You were on level 7 of the Dungeon.
You visited 1 branch of the dungeon, and saw 7 of its levels.

You collected 148 gold pieces.

Inventory:

Hand Weapons
 a - a +1 hand crossbow
 b - a +0 short sword
 f - the +9 heavy crossbow "Sniper" (weapon) {vorpal, Acc+∞ SInv}
   (You found it on level 2 of the Dungeon)

   Any ammunition fired from it inflicts extra damage upon your enemies.
   Any ammunition fired from it never misses its target.
   SInv:      It lets you see invisible.
 g - the +4 hand axe of Ihymeg {flame, Will++ Int-4 Dex+10}
   (You found it on level 8 of the Dungeon)

   It burns those it strikes, dealing additional fire damage.
   Big, fiery blades are also staple armaments of hydra-hunters.
   Int:       It affects your intelligence (-4).
   Dex:       It affects your dexterity (+10).
   Will:      It greatly increases your willpower.
Missiles
 d - 17 bolts (quivered ammo)
Armour
 c - a +0 leather armour (worn)
Scrolls
 e - 4 scrolls of identify {unknown}


   Skills:
 + Level 2.3 Fighting
 + Level 4.0 Crossbows
 - Level 1.8 Dodging
 - Level 1.3 Stealth


You couldn't memorise any spells.
You didn't know any spells.
Your spell library was empty.

Dungeon Overview and Level Annotations

Branches:
Dungeon (8/15)
 Temple: D:4-7         Lair: D:8-11

Altars:


Innate Abilities, Weirdness & Mutations

You cannot be hasted, slowed, berserked, paralysed or teleported.
You can dig through walls and to a lower floor.
You have a pair of large antennae on your head. (SInv)
Your four strong arms can wield two-handed weapons with a shield.


Message History

Unknown command.
You aren't carrying any potions.
Unknown command.
Okay, then.
Okay, then.
The +4 hand axe of Ihymeg {flame, Will++ Int-4 Dex+10} stops flaming.
f - the +9 heavy crossbow "Sniper" (weapon)
{vorpal, Acc+∞ SInv} Fire: 20 bolts
Press: ? - help, Q - select action, (/) - cycle Shift-Dir - straight line, f - kobold
Aim: a kobold, wielding a +0 short sword and quivering stones (100% to hit)
You shoot a bolt. The bolt hits the kobold.
You kill the kobold!
The kobold brigand throws a poisoned dart.
The poisoned dart hits you!
You are poisoned.
The kobold brigand throws a poisoned dart.
The poisoned dart hits you!
You are lethally poisoned!
Fire: 19 bolts
Press: ? - help, Q - select action, (/) - cycle Shift-Dir - straight line, f - kobold brigand
Aim: a kobold brigand, wielding a +1 dagger of electrocution and quivering poisoned darts (100% to hit)
You shoot a bolt. The bolt hits the kobold brigand!
The kobold brigand is heavily wounded.
Ouch! That really hurt!
* * * LOW HITPOINT WARNING * * *
You feel extremely sick.
The kobold brigand throws a poisoned dart.
The poisoned dart hits you!
You are more poisoned.
You aren't carrying any potions.
Unknown command.
You aren't carrying any potions.
Unknown command.
Fire: 18 bolts
Press: ? - help, Q - select action, (/) - cycle Shift-Dir - straight line, f/p - kobold brigand
Aim: a kobold brigand, wielding a +1 dagger of electrocution and quivering poisoned darts (heavily wounded, 100% to hit)
You shoot a bolt. The bolt hits the kobold brigand!
The kobold brigand is almost dead.
Ouch! That really hurt!
You die...

## .## ..# ## .##
K# .# .# .# .# .#
.# .############
#####(#
............#
#@..KK#
.##########.##
#.###### .#
###...###......##
.####
#.......#.#.....#
<...#
#.#...###(#.....#
###.#
#.##.#..#.#.....#
# #
#.#.#..#.....#
#.#.####.#####
..#.# ##.#


You could see a kobold brigand and a kobold.

Vanquished Creatures
  An endoplasm (D:2)
  A kobold (D:7)
  2 ball pythons (D:2)
  3 toadstools (D:8)
7 creatures vanquished.

Vanquished Creatures (others)
  6 fungi (D:8)
6 creatures vanquished.

Grand Total: 13 creatures vanquished

Notes
Turn   | Place    | Note
-------+----------+-------------------------------------------
     0 | D:1      | hikkokomori the Formicid Hunter began the quest for the
                  | Orb.
     0 | D:1      | Reached XP level 1. HP: 16/16 MP: 1/1
     7 | D:1      | You fall into a shaft and drop 1 floor!
    33 | D:2      | Found the +9 heavy crossbow "Sniper" {vorpal, Acc+∞ SInv}
    42 | D:2      | You fall into a shaft and drop 1 floor!
    45 | D:3      | You fall into a shaft and drop 2 floors!
    45 | D:5      | Entered Level 5 of the Dungeon
    48 | D:5      | You fall into a shaft and drop 3 floors!
    86 | D:8      | Identified the +4 hand axe of Ihymeg {flame, Will++ Int-4
                  | Dex+10}
   151 | D:8      | Noticed a two-headed ogre
   168 | D:7      | Noticed a hornet
   323 | D:6      | Noticed a wight
   323 | D:6      | Noticed a wight
   323 | D:6      | Noticed a wight
   367 | D:7      | Noticed a kobold brigand
   374 | D:7      | Succumbed to a kobold brigand's poison

Illustrated notes

Levels and vault maps discovered:
D:1:      dpeg_arrival_arbitrary_c, layout_basic,
          dreamdust_ecumenical_altar_grove
D:2:      layout_basic, uniq_robin
D:3:      wad_woods_pond, layout_rooms, roderic_batcave, uniq_sigmund
D:5:      layout_rooms, grunt_decor_arrowhead
D:6:      layout_basic
D:7:      layout_loops_ring, minmay_temple_entry_butterflies,
          serial_co_window_serial, co_window_paths_a, co_window_paths_a,
          co_window_corner_a, co_window_paths_a, co_window_cross_1,
          co_window_corner_a, co_window_corner_b, co_window_broadway_c,
          co_window_broadway_a, co_window_broadway_a,
          co_window_of_opportunity_b, co_window_corner_b, co_window_paths_d,
          glass_columns_a, glass_columns_c, glass_columns_b, glass_columns_a,
          minmay_misc_feat_square, kennysheep_nondescript, uniq_maggie
D:8:      layout_loops_cross, minmay_gold_behind_fungi

Action                   || total
-------------------------++-------
Melee: Hand axe          ||     6
       Short sword       ||     4
 Fire: Heavy crossbow    ||     3
 Abil: Dig               ||     4
       Shaft Self        ||     4
Dodge: Dodged            ||     2
